 Dungeon Crawl Stone Soup version 0.30.0-3-ga4e48a9924 (webtiles) character file.

Game seed: 16200205089893124360

70 browni3141 the Shooter (level 4, -2/36 HPs)
             Began as a Meteoran Hexslinger on May 8, 2023.
             Slain by Ijyb
             ... wielding a +0 club
              (5 damage)
             ... on level 3 of the Dungeon.
             The game lasted 00:06:18 (1202 turns).

browni3141 the Shooter (Meteoran Hexslinger)        Turns: 1202, Time: 00:06:20

Health: -2/36      AC:  4    Str: 11    XL:     4   Next: 74%
Magic:  7/7        EV: 12    Int: 15    God:
Gold:   175        SH:  0    Dex: 16    Spells: 4/5 levels left

rFire   . . .        a - +1 sling
rCold   . . .        (no shield)
rNeg    + . .        c - +0 robe
rPois   .            (no helmet)
rElec   .            i - +0 cloak
rCorr   .            o - +0 pair of gloves
SInv    .            (no boots)
Will    .....        f - amulet of the acrobat
Stlth   +            p - ring of positive energy
HPRegen 0.26/turn    (no ring)
MPRegen 0.10/turn

%: acrobat
@: glowing
A: sense surroundings 1, otherworldly, glowing, explore regen
a: no special abilities


You were on level 3 of the Dungeon.
You visited 1 branch of the dungeon, and saw 4 of its levels.

You collected 175 gold pieces.

Inventory:

Hand Weapons
 a - a +1 sling (weapon)
Armour
 c - a +0 robe (worn)
 i - a +0 cloak (worn)
 o - a +0 pair of gloves (worn)
Jewellery
 f - an amulet of the acrobat (around neck)
 p - a ring of positive energy (left hand)
Scrolls
 b - a scroll of poison
 d - 5 scrolls of fear {unknown}
 e - a scroll of blinking {unknown}
 h - a scroll of immolation {unknown}
 j - 3 scrolls of identify {unknown}
 l - 3 scrolls of teleportation {unknown}
 n - a scroll of magic mapping {unknown}
 q - a scroll of noise {unknown}
Potions
 g - a potion of curing {unknown}
 k - a potion of berserk rage {unknown}
 m - a potion of might {unknown}


   Skills:
 - Level 2.0 Fighting
 * Level 4.4 Ranged Weapons
 - Level 2.4 Dodging
 - Level 1.3 Spellcasting
 - Level 3.6 Hexes


You had 4 spell levels left.
You knew the following spells:

 Your Spells              Type           Power      Damage    Failure   Level
S - Slow                  Hex            44%        N/A       5%          1

Your spell library contained the following spells:

 Spells                   Type           Power      Damage    Failure   Level
 Inner Flame              Hex/Fire       6%         N/A       34%         3
 Portal Projectile        Hex/Tloc       12%        N/A       34%         3
 Cause Fear               Hex            5%         N/A       47%         4


Dungeon Overview and Level Annotations

Branches:
Dungeon (4/15) Zot: 1155
 Temple: D:4-7

Altars:

Annotations:
D:3 2 transporters, Ijyb; Inkenn's ghost, amateur DgCj
D:4 Eustachio


Innate Abilities, Weirdness & Mutations

You passively map a small area around you.
You are easily found by Zot.
You glow in the dark.
You regain HP and MP as you explore.


Message History

The sling bullet closely misses the quokka.
The quokka closely misses you. The quokka barely misses you.
You shoot a sling bullet.
The sling bullet closely misses the quokka.
The quokka bites you.
You shoot a sling bullet.
The sling bullet closely misses the quokka.
The quokka bites you but does no damage. x2
You shoot a sling bullet.
The sling bullet closely misses the quokka.
The quokka barely misses you.
You shoot a sling bullet. The sling bullet hits the quokka.
You kill the quokka!
You see here a ball python corpse.
A worm comes into view.
The worm misses you.
You shoot a sling bullet. The sling bullet hits the worm!
The worm is heavily wounded.
The worm bites you.
You shoot a sling bullet. The sling bullet hits the worm.
The worm is heavily wounded.
You shoot a sling bullet. The sling bullet hits the worm.
The worm is severely wounded.
The worm bites you but does no damage.
You shoot a sling bullet. The sling bullet hits the worm!
You kill the worm!
You see here a +0 whip.
There is a stone staircase leading down here.
You climb downwards.
Ijyb shouts!
The kobold shouts!
There is a stone staircase leading up here.
You shoot a sling bullet.
The sling bullet closely misses the ball python.
The ball python bites you. The ball python barely misses you.
Ijyb drinks a potion.
Ijyb seems to speed up.
You shoot a sling bullet. The sling bullet hits the ball python.
You kill the ball python!
Ijyb screams, "Me very upset!"
A hound comes into view.
You shoot a sling bullet.
The sling bullet closely misses the kobold.
The hound barks!
The kobold hits you but does no damage.
You shoot a sling bullet. The sling bullet hits the kobold.
You kill the kobold!
The kobold hits you but does no damage.
You shoot a sling bullet. The sling bullet misses the kobold.
Ijyb zaps a wand.
Your mind is blasted!
The kobold hits you but does no damage.
You hear a shout!
Press: ? - help, v - describe, . - travel, g - get item
Here: Ijyb, wielding a +0 club, wearing a +0 ring mail and carrying a wand of mindburst (4) (fast)
Items here: a +0 whip; a kobold corpse.
The floor.
The kobold barely misses you. Ijyb hits you with a +0 club.
You climb upwards.
Level annotation: 2 transporters, Inkenn's ghost, amateur DgCj
There is a stone staircase leading down here.
Unknown command.
Aiming: Slow (safe; 5% risk of failure)
Press: ? - help, Q - select action, (/) - cycle Shift-Dir - straight line, f - kobold
Aim: a kobold, wielding a +0 dagger and quivering stones (chance to affect: 62%)
Okay, then.
Aiming: Slow (safe; 5% risk of failure)
Press: ? - help, Q - select action, (/) - cycle Shift-Dir - straight line, f - Ijyb
Aim: Ijyb, wielding a +0 club, wearing a +0 ring mail and carrying a wand of mindburst (4) (fast, chance to affect: 53%) Ijyb seems to slow down.
The kobold hits you with a +0 dagger. Ijyb hits you with a +0 club.
You shoot a sling bullet. The sling bullet closely misses Ijyb.
The kobold barely misses you.
Ijyb zaps a wand.
Your mind is blasted!
The kobold hits you with a +0 dagger. Ijyb misses you.
You shoot a sling bullet. The sling bullet barely misses Ijyb.
The kobold closely misses you. Ijyb hits you with a +0 club.
* * * LOW HITPOINT WARNING * * *
Unknown command.
You shoot a sling bullet.
The sling bullet hits Ijyb but does no damage.
The kobold hits you but does no damage. Ijyb barely misses you.
Unknown command.
You shoot a sling bullet.
The sling bullet hits Ijyb but does no damage.
The kobold closely misses you.
Ijyb grins evilly.
Ijyb closely misses you.
Unknown command.
You shoot a sling bullet. The sling bullet closely misses Ijyb.
The kobold misses you. Ijyb hits you with a +0 club.
* * * LOW HITPOINT WARNING * * *
Unknown command.
You shoot a sling bullet. The sling bullet hits Ijyb.
Ijyb is lightly wounded.
Ijyb is no longer moving slowly.
The kobold barely misses you. Ijyb hits you with a +0 club.
* * * LOW HITPOINT WARNING * * *
The kobold barely misses you.
Unknown command.
You shoot a sling bullet. The sling bullet closely misses Ijyb.
Ijyb hits you with a +0 club.
* * * LOW HITPOINT WARNING * * *
Ijyb hits you with a +0 club.
You die...

#.....#########...#####
#.#...............#
#.##.............## * *
#.#######.##.###..... #.#
#.##.# #.#######. #.#
#..... ..:....... #.#
########.###.........
#.###...####..##.#.......
#.......@K.....#.........
#####....g......##..#....
#...........##......##.###.
#.###.......##.....†.......
#)# ##.....###.#.#####.####
#.# ##...## #.#.# ##.# #.#
##.## #.#.## #..# #.# #.#
#....# #..# #.# #.# ###..#
#..#


You could see Ijyb (fast) and a kobold.

Vanquished Creatures
  A worm (D:3)
  A dart slug (D:1)
  An orc (D:2)
  9 ball pythons
  3 endoplasms
  A giant cockroach (D:3)
  9 hobgoblins
  8 kobolds
  3 quokkas
  5 bats
  3 frilled lizards
  6 goblins (D:2)
  6 rats
56 creatures vanquished.

Notes
Turn   | Place    | Note
-------+----------+-------------------------------------------
     0 | D:1      | browni3141 the Meteoran Hexslinger began the quest for the
                  | Orb.
     0 | D:1      | Reached XP level 1. HP: 16/16 MP: 3/3
    69 | D:1      | Reached XP level 2. HP: 24/24 MP: 5/5
   136 | D:1      | Reached skill level 3 in Ranged Weapons
   136 | D:1      | Reached XP level 3. HP: 15/29 MP: 6/6
   583 | D:2      | Reached XP level 4. HP: 36/36 MP: 7/7
   699 | D:2      | Reached skill level 4 in Ranged Weapons
   757 | D:2      | Found a faded altar of an unknown god.
   882 | D:3      | Noticed Inkenn's ghost (amateur DgCj)
   886 | D:3      | Found a transporter.
   889 | D:3      | Found a transporter.
  1187 | D:4      | Noticed Ijyb
  1193 | D:4      | Noticed Eustachio
  1202 | D:3      | Slain by Ijyb

Illustrated notes

Levels and vault maps discovered:
D:1:      wheals_arrival_shading, layout_basic, minmay_octomino_c4
D:2:      layout_basic, basic_ecumenical_altar
D:3:      layout_loops_ring, gammafunk_ghost_arena
D:4:      layout_cave_pools, nicolae_zen_rock_garden, minmay_misc_feat_tower,
          uniq_blork_the_orc, uniq_eustachio, uniq_ijyb, uniq_grinder

Skill      XL: |  1  2  3  4 |
---------------+-------------+-----
Fighting       | 2 |  2.0
Ranged Weapons | 3 4 |  4.4
Dodging        | |  2.4
Spellcasting   | |  1.3
Hexes          | |  3.6

Action                     |  1- 3 |  4- 6 || total
---------------------------+-------+-------++-------
   Fire: Sling             |   104 |    76 ||   180
   Cast: Slow              |     1 |     1 ||     2
 Armour: Robe              |    29 |    16 ||    45
  Dodge: Dodged            |    43 |    41 ||    84
